 Dungeon Crawl Stone Soup version 0.28.0 (webtiles) character file.

Game seed: 9394011217208897354

388 Dorkslayer the Poker (level 6, -2/49 HPs)
             Began as a Merfolk Fighter on Mar 10, 2022.
             Slain by a scorpion (5 damage)
             ... on level 4 of the Dungeon.
             The game lasted 00:06:42 (1945 turns).

Dorkslayer the Poker (Merfolk Fighter)              Turns: 1945, Time: 00:06:43

Health: -2/49      AC:  7    Str: 15 (16) XL:     6   Next: 79%
Magic:  15/15      EV:  9    Int:  5 (8)  God:
Gold:   91         SH:  4    Dex: 13 (15) Spells: 5/5 levels left

rFire   . . .      SeeInvis .   a - +0 trident
rCold   . . .      Faith    .   c - +0 buckler
rNeg    . . .      Spirit   .   b - +0 scale mail
rPois   .          Reflect  .   (no helmet)
rElec   .          Harm     .   (no cloak)
rCorr   .          Rampage  .   j - +0 pair of gloves
Will    .....                   (no boots)
Stlth   ..........              (no amulet)
HPRegen 0.16/turn               f - ring of magical power
MPRegen 0.14/turn               (no ring)

@: lethally poisoned (-2 -> -19), attractive
A: (nimble swimmer 2), mertail
a: no special abilities


You were on level 4 of the Dungeon.
You visited 1 branch of the dungeon, and saw 4 of its levels.

You collected 91 gold pieces.

Inventory:

Hand Weapons
 a - a +0 trident (weapon)
Armour
 b - a +0 scale mail (worn)
 c - a +0 buckler (worn)
 j - a +0 pair of gloves (worn)
Jewellery
 f - a ring of magical power (left hand)
Scrolls
 d - a scroll of magic mapping
 e - a scroll of noise
 l - a scroll of enchant armour {unknown}
Potions
 g - a potion of curing {unknown}
 h - a potion of flight {unknown}
 i - a potion of attraction
 k - 2 potions of degeneration


   Skills:
 + Level 4.6 Fighting
 + Level 7.6 Polearms
 + Level 3.0 Armour
 + Level 1.2 Dodging
 + Level 0.2 Stealth
 + Level 3.2 Shields


You had 5 spell levels left.
You didn't know any spells.
Your spell library contained the following spells:

 Spells                   Type           Power      Damage    Failure   Level
 Call Canine Familiar     Summ           0%         N/A       100%        3
 Portal Projectile        Hex/Tloc       0%         N/A       100%        3
 Leda's Liquefaction      Hex/Erth       0%         N/A       100%        4


Dungeon Overview and Level Annotations

Branches:
Dungeon (4/15)
 Temple: D:4-7

Altars:
Ru
Sif Muna
Yredelemnul

Shops:
D:3 (


Innate Abilities, Weirdness & Mutations

((You are very nimble when in or above water. (Stealth+, EV+, Speed+++)))
Your lower body shifts to a powerful aquatic tail in water.


Message History

The scorpion is moderately wounded.
You feel sick.
The scorpion stings you but does no damage.
You hit the scorpion.
The scorpion is moderately wounded.
You feel sick.
The scorpion stings you but does no damage.
You hit the scorpion.
The scorpion is heavily wounded.
You feel sick. You block the scorpion's attack.
You hit the scorpion but do no damage.
The scorpion is heavily wounded.
You feel sick. The scorpion stings you!
You are more poisoned.
The scorpion poisons you!
You barely miss the scorpion.
The scorpion is heavily wounded.
You feel very sick. The scorpion stings you. The scorpion barely misses you.
You barely miss the scorpion.
The scorpion is heavily wounded.
You feel very sick. The scorpion stings you.
You completely miss the scorpion.
The scorpion is heavily wounded.
You feel very sick. The scorpion closely misses you.
It was a potion of attraction.
You feel attractive to monsters.
You feel sick. The scorpion stings you!
* * * LOW HITPOINT WARNING * * *
You are lethally poisoned!
The scorpion poisons you!
It was a potion of degeneration.
There was something very wrong with that liquid.
You feel weakened.
You feel dopey.
You feel clumsy.
* * * LOW HITPOINT WARNING * * *
You feel very sick. The scorpion stings you.
You die...

<..# ....# #....#
##..##.##### #...
#.#... ## ..# #.#.# .##
.######...########..##
................@s...#
##################....#
# ##..... # ..## # .# #
# # # #


You could see a scorpion.

Vanquished Creatures
  Grinder (D:3)
  A howler monkey (D:3)
  Jessica (D:3)
  An orc wizard (D:3)
  2 adders
  3 worms
  2 dart slugs (D:3)
  2 orcs (D:3)
  5 bats
  5 endoplasms
  2 giant cockroaches
  6 goblins
  10 hobgoblins
  9 jackals
  2 quokkas
  9 ball pythons
  2 frilled lizards
  4 kobolds
  3 rats (D:2)
70 creatures vanquished.

Notes
Turn   | Place    | Note
-------+----------+-------------------------------------------
     0 | D:1      | Dorkslayer the Merfolk Fighter began the quest for the Orb.
     0 | D:1      | Reached XP level 1. HP: 18/18 MP: 1/1
    79 | D:1      | Found a faded altar of an unknown god.
   119 | D:1      | Reached XP level 2. HP: 19/24 MP: 2/2
   473 | D:1      | Reached XP level 3. HP: 30/30 MP: 3/3
   765 | D:2      | Reached skill level 4 in Polearms
  1031 | D:2      | Reached XP level 4. HP: 37/37 MP: 4/4
  1331 | D:3      | Noticed Grinder
  1334 | D:3      | Paralysed by Grinder for 3 turns
  1342 | D:3      | Killed Grinder
  1343 | D:3      | Reached skill level 6 in Polearms
  1343 | D:3      | Reached skill level 1 in Dodging
  1343 | D:3      | Reached XP level 5. HP: 20/43 MP: 5/5
  1343 | D:3      | Reached XP level 6. HP: 23/49 MP: 6/6
  1359 | D:3      | Reached skill level 7 in Polearms
  1379 | D:3      | Noticed Jessica
  1391 | D:3      | Killed Jessica
  1450 | D:3      | Found Cinoxzet's Antique Weapon Emporium.
  1654 | D:3      | Found a sacrificial altar of Ru.
  1741 | D:3      | Found a shimmering blue altar of Sif Muna.
  1869 | D:3      | Found a basalt altar of Yredelemnul.
  1945 | D:4      | Slain by a scorpion

Illustrated notes

Levels and vault maps discovered:
D:1:      nagdon_arrival_double_spiral, layout_rooms,
          nicolae_ecumenical_snake_handling, nicolae_wormholes
D:2:      layout_rooms
D:3:      layout_rooms, yredelemnul_altar_generic,
          mainiacjoe_overflow_cross_hatched, general_overflow_altar,
          serial_shops, nicolae_shop_waterfront, chequers_jeans,
          serial_bayou_pond_a, kennysheep_jessica_study, uniq_grinder
D:4:      layout_rooms, uniq_menkaure

Skill      XL: |  1  2  3  4  5  6 |
---------------+-------------------+-----
Polearms       | 4 6 7 |  7.6
Fighting       | 4 |  4.6
Armour         | 3 |  3.0
Dodging        | 1 |  1.2
Stealth        | |  0.2
Shields        | |  3.2

Action                   |  1- 3 |  4- 6 || total
-------------------------+-------+-------++-------
Melee: Trident           |   123 |   101 ||   224
  Use: Scroll            |       |     4 ||     4
       Potion            |       |     4 ||     4
Armor: Scale mail        |    54 |    27 ||    81
Dodge: Dodged            |    31 |    23 ||    54
Block: Buckler           |    18 |    15 ||    33
